 Dungeon Crawl Stone Soup version 0.24-a0-244-ga6a6ab7 (webtiles) character file.

Game seed: 14384125093676721817

6932 Smeghead the Cleaver (level 11, -11/83 HPs)
             Began as a Formicid Fighter on Apr 11, 2019.
             Was a Priest of the Shining One.
             Mangled by Snorg (12 damage)
             ... on level 10 of the Dungeon.
             The game lasted 00:18:59 (9286 turns).

Smeghead the Cleaver (Formicid Fighter)             Turns: 9286, Time: 00:18:59

Health: -11/83     AC: 24    Str: 27    XL:     11   Next: 27%
Magic:  16/16      EV:  7    Int: 10    God:    the Shining One [***...]
Gold:   491        SH: 11    Dex: 10    Spells: 10/10 levels left

rFire    . . .     SeeInvis +   J - +1 war axe (chop)
rCold    . . .     Gourm    .   c - +0 shield
rNeg     + . .     Faith    .   D - +0 plate armour
rPois    .         Spirit   .   (helmet unavailable)
rElec    .         Reflect  .   N - +2 cloak
rCorr    .         Harm     .   r - +2 pair of gloves
MR       ++...                  (no boots)
Stlth    ..........             (no amulet)
HPRegen  0.23/turn              G - +3 ring of protection
MPRegen  0.15/turn              v - ring of protection from magic

@: mighty, lethally poisoned (-11 -> -12), glowing
A: permanent stasis, dig shafts and tunnels, four strong arms, antennae 3
a: Dig, Shaft Self, Divine Shield, Renounce Religion


You were on level 10 of the Dungeon.
You worshipped the Shining One.
The Shining One was most pleased with you.
You were not hungry.

You visited 2 branches of the dungeon, and saw 11 of its levels.

You collected 491 gold pieces.

Inventory:

Hand Weapons
 a - a +0 war axe
 J - a +1 war axe of chopping (weapon)
Missiles
 j - a throwing net
 q - 5 silver javelins (quivered)
 K - 4 tomahawks
Armour
 c - a +0 shield (worn)
 r - a +2 pair of gloves (worn)
 D - a +0 plate armour (worn)
 N - a +2 cloak (worn)
Magical Staves
 H - an uncursed staff of summoning {unknown}
Jewellery
 s - an uncursed ring of resist corrosion {unknown}
 u - a +2 ring of protection
 v - a ring of protection from magic (right hand)
 y - a +5 ring of intelligence
 G - a +3 ring of protection (left hand)
 R - an uncursed ring of magical power
Wands
 k - a wand of flame (2)
 E - a wand of acid (14)
 Q - a wand of enslavement (8)
Scrolls
 h - 2 scrolls of fear
 o - a scroll of blinking {unknown}
 p - 3 scrolls of magic mapping
 t - 2 scrolls of fog
 x - 4 scrolls of remove curse
 B - a scroll of enchant weapon {unknown}
 C - 2 scrolls of immolation {unknown}
 F - 2 scrolls of amnesia
 M - a scroll of identify
 O - a scroll of noise {unknown}
 T - a scroll of vulnerability {unknown}
Potions
 b - 2 potions of mutation {unknown}
 d - a potion of invisibility {unknown}
 e - 2 potions of brilliance
 i - a potion of haste {unknown}
 l - 2 potions of cancellation
 n - 2 potions of resistance
 w - 2 potions of flight {unknown}
 z - a potion of lignification {unknown}
 A - a potion of berserk rage {unknown}
 I - a potion of degeneration {unknown}
 L - a potion of curing
 S - a potion of agility {unknown}
Comestibles
 f - 17 rations
 g - a chunk of flesh


   Skills:
 + Level 6.8 Fighting
 + Level 11.2 Axes
 * Level 9.4 Armour
 - Level 0.3 Dodging
 + Level 7.1 Shields
 * Level 6.7 Invocations


You had 10 spell levels left.
You didn't know any spells.
Your spell library was empty.

Dungeon Overview and Level Annotations

Branches:
Dungeon (10/15)            Temple (1/1) D:4             Orc (0/2) D:9
   Lair: D:8-11

Altars:
Ashenzari
Cheibriados
Dithmenos
Elyvilon
Fedhas
Gozag
Hepliaklqana
Kikubaaqudgha
Makhleb
Nemelex Xobeh
Okawaru
Qazlal
Ru
Sif Muna
Trog
Uskayaw
Vehumet
Wu Jian
Xom
Yredelemnul
Zin
The Shining One

Shops:
D:4 (   D:5 [   D:7 *

Annotations:
D:9 Blork the orc
D:10 Snorg


Innate Abilities, Weirdness & Mutations

You cannot be hasted, slowed, berserked, paralysed or teleported.
You can dig through walls and to a lower floor.
Your four strong arms can wield two-handed weapons with a shield.
You have a pair of large antennae on your head. (SInv)


Message History

Snorg claws you but does no damage. Snorg bites you but does no damage.
Snorg claws you but does no damage. You block Snorg's attack.
You slice Snorg like a ripe choko!!!
Snorg is severely wounded.
You feel sick.
You hear a shout!
Snorg bites you but does no damage. You block Snorg's attack. Snorg claws you!
* * * LOW HITPOINT WARNING * * *
You slash Snorg!
Snorg is almost dead.
Snorg bites you.
* * * LOW HITPOINT WARNING * * *
Snorg claws you but does no damage. x2; Snorg bites you.
* * * LOW HITPOINT WARNING * * *
You block Snorg's attack. Snorg claws you but does no damage.
Okay, then.
You slice Snorg!!
Snorg is almost dead.
Snorg bites you!
You die...

#..# .# ###..# .##
#....# ..## .
##...K## ...#.##
#......##.......
##......#........
#.......KK####.##
########T## ##@# .
#.## .. ##..## ..#
##....#####.# .
#.###...#...#
..#.###.......#
......#.......####
...........#.....#
...###............


You could see Snorg (berserk), a big kobold and 2 kobolds.

Vanquished Creatures
  A two-headed ogre (D:8)
  Pikel (D:7)
  Joseph (D:7)
  A hippogriff (D:7)
  A wyvern (D:9)
  4 hogs (D:7)
  4 yaks (D:9)
  A human (D:7)
  A hungry ghost (D:7)
  Menkaure (D:7)
  A water moccasin (D:7)
  Duvessa (D:4)
  An orc warrior (D:8)
  2 black bears
  A sky beast (D:5)
  2 ice beasts
  5 ogres
  A centaur (D:9)
  2 crocodiles (D:9)
  A big kobold (D:7)
  2 bullfrogs
  2 gnoll sergeants (D:9)
  2 scorpions
  A water moccasin skeleton (D:4)
  Dowan (D:4)
  7 wights (D:9)
  5 crimson imps
  A bullfrog skeleton (D:9)
  A hound (D:5)
  Crazy Yiuf (D:4)
  5 orc priests
  15 orc wizards
  Ijyb (D:4)
  An iron imp (D:5)
  A centaur skeleton (D:7)
  2 iguanas
  6 worker ants
  A hound skeleton (D:3)
  3 worker ant zombies
  12 gnolls
  A howler monkey skeleton (D:3)
  8 adders
  A shadow imp (D:9)
  2 oozes
  2 adder zombies
  An adder skeleton (D:3)
  A worm (D:2)
  A dart slug (D:1)
  6 leopard geckos
  35 orcs
  A ball python (D:4)
  4 giant cockroaches
  3 goblins
  4 hobgoblins
  8 jackals
  8 kobolds
  6 quokkas
  19 bats
  3 frilled lizards
  2 leopard gecko skeletons
  A quokka skeleton (D:3)
  11 rats
231 creatures vanquished.

Vanquished Creatures (others)
  A slave (D:7)
1 creature vanquished.

Grand Total: 232 creatures vanquished

Notes
Turn   | Place    | Note
-------+----------+-------------------------------------------
     0 | D:1      | Smeghead the Formicid Fighter began the quest for the Orb.
     0 | D:1      | Reached XP level 1. HP: 18/18 MP: 1/1
   124 | D:1      | Reached XP level 2. HP: 19/24 MP: 2/2
   984 | D:1      | Reached XP level 3. HP: 29/29 MP: 3/3
  1137 | D:2      | Reached skill level 3 in Axes
  1254 | D:2      | Reached XP level 4. HP: 34/35 MP: 4/4
  1423 | D:2      | Reached skill level 4 in Axes
  1837 | D:3      | Reached XP level 5. HP: 38/41 MP: 5/5
  2102 | D:3      | Reached skill level 5 in Axes
  2282 | D:3      | Reached XP level 6. HP: 37/47 MP: 6/6
  2466 | D:2      | Found a bloodstained altar of Trog.
  2515 | D:4      | Reached skill level 6 in Axes
  2783 | D:4      | Noticed Duvessa
  2795 | D:4      | Noticed Dowan
  2809 | D:4      | Killed Dowan
  2818 | D:4      | HP: 2/47 [Duvessa/+0 rapier of holy wrath (9)]
  2829 | D:4      | Killed Duvessa
  2829 | D:4      | Reached XP level 7. HP: 36/52 MP: 7/7
  3002 | D:4      | Found Texiwnit's Weapon Boutique.
  3139 | D:4      | Found a staircase to the Ecumenical Temple.
  3152 | D:4      | Reached skill level 7 in Axes
  3192 | Temple   | Entered the Ecumenical Temple
  3240 | Temple   | Became a worshipper of the Shining One
  3578 | D:4      | Reached XP level 8. HP: 59/60 MP: 8/8
  3624 | D:4      | Found a runed translucent door.
  3625 | D:4      | Noticed Crazy Yiuf
  3685 | D:4      | Noticed Ijyb
  3699 | D:4      | Killed Ijyb
  3853 | D:4      | Killed Crazy Yiuf
  3853 | D:4      | Reached skill level 5 in Armour
  4103 | D:5      | Entered Level 5 of the Dungeon
  4291 | D:5      | Found a sacrificial altar of Ru.
  4363 | D:5      | Reached skill level 8 in Axes
  4400 | D:5      | Reached skill level 5 in Shields
  4400 | D:5      | Reached skill level 1 in Invocations
  4446 | D:5      | Found Fuvofu's Armour Shop.
  4705 | D:5      | Found a snail-covered altar of Cheibriados.
  4885 | D:6      | Reached XP level 9. HP: 40/66 MP: 10/10
  5062 | D:6      | Reached * piety under the Shining One
  5693 | D:6      | Found a white marble altar of Elyvilon.
  5840 | D:6      | Found a bloodstained altar of Trog.
  5884 | D:7      | Noticed Joseph
  5901 | D:7      | Killed Joseph
  5901 | D:7      | Reached skill level 5 in Fighting
  6030 | D:7      | You fall through a shaft!
  6050 | D:7      | Reached skill level 9 in Axes
  6061 | D:7      | Noticed Menkaure
  6069 | D:7      | Killed Menkaure
  6255 | D:7      | Noticed a hippogriff
  6268 | D:7      | Killed a hippogriff
  6284 | D:7      | Found Gozag's Platinum Reserve.
  6321 | D:7      | Found an opulent altar of Gozag.
  6544 | D:7      | Reached XP level 10. HP: 74/74 MP: 11/13
  6782 | D:7      | Noticed Pikel
  6800 | D:7      | Killed Pikel
  6800 | D:7      | Reached skill level 10 in Axes
  6800 | D:7      | Reached skill level 5 in Invocations
  6809 | D:7      | Reached ** piety under the Shining One
  7262 | D:8      | Found a snail-covered altar of Cheibriados.
  7277 | D:8      | Found an iron altar of Okawaru.
  7514 | D:8      | Noticed a two-headed ogre
  7528 | D:8      | Killed a two-headed ogre
  7776 | D:8      | Found a shimmering altar of Xom.
  8536 | D:9      | Found a shattered altar of Ashenzari.
  8552 | D:9      | Reached XP level 11. HP: 83/83 MP: 15/15
  8714 | D:9      | Found a staircase to the Orcish Mines.
  8753 | D:9      | Reached *** piety under the Shining One
  8757 | D:9      | Reached skill level 11 in Axes
  8846 | D:9      | Found a sparkling altar of Nemelex Xobeh.
  8992 | D:9      | Noticed Blork the orc
  9207 | D:10     | Entered Level 10 of the Dungeon
  9264 | D:10     | Noticed Snorg
  9285 | D:10     | HP: 1/83 [Snorg (6)]
  9286 | D:10     | Mangled by Snorg

Levels and vault maps discovered:
D:1:      elethiomel_arrival_infinity_welcomes_careful_drivers,
          layout_loops_ring, due_unseen_surprise
D:2:      lemuel_upstairs_altar, layout_basic, grunt_ministairs_1,
          minmay_misc_feat_roman
D:3:      layout_loops_ring, serial_undead, serial_undead_d, serial_undead_e,
          serial_undead_f, serial_undead_d, serial_undead_a,
          minmay_quadrilaterals
D:4:      black_bear_nest_2, layout_basic, minmay_temple_entry_sparse_star,
          serial_shops, nicolae_shop_waterfront, first_ration,
          uniq_crazy_yiuf_cottage, uniq_duvessa, uniq_ijyb
D:5:      layout_gridville, nicolae_ru_awakened_eye, serial_shops, shop,
          minivault_19, chei_slow_surprise
D:6:      layout_basic, elyvilon_altar_3, lemuel_doored_altar,
          minmay_parallelograms, serial_bayou_crossing
D:7:      layout_loops_corners, nicolae_gozag_zags_fifth_avenue,
          grunt_livestock, uniq_menkaure, uniq_joseph, uniq_pikel
D:8:      layout_loops_corners, okawaru_metal_pillars_1_2,
          kennysheep_little_box, kennysheep_mini_moat
D:9:      layout_rooms, cheibrodos_ashenzari_chains, nemelex_altar_shiori,
          orc_0_dummy, tgw_sif
D:10:     layout_layer_cave, uniq_snorg
Temple:   cyrus_circular_temple

Skill      XL: |  1  2  3  4  5  6  7  8  9 10 11 |
---------------+----------------------------------+-----
Axes           | 3 4 5 6 7 8 9 10 11 | 11.2
Shields        | 4 5 6 7 |  7.1
Armour         | 4 6 7 9 |  9.4
Fighting       | 4 5 6 |  6.8
Invocations    | 2 4 6 |  6.7
Dodging        | |  0.3

Action                   |  1- 3 |  4- 6 |  7- 9 | 10-12 || total
-------------------------+-------+-------+-------+-------++-------
Melee: War axe           |   118 |   178 |   276 |   222 ||   794
Throw: Javelin           |       |       |     1 |       ||     1
 Abil: Dig               |     1 |       |       |       ||     1
  Use: Potion            |       |     2 |     1 |     3 ||     6
       Scroll            |       |       |    13 |       ||    13
  Eat: Chunk             |     1 |     5 |    12 |    11 ||    29
Armor: Scale mail        |    74 |    65 |       |       ||   139
       Plate armour      |       |    25 |   150 |   127 ||   302
Dodge: Dodged            |    60 |    56 |    56 |    41 ||   213
Block: Shield            |    73 |   121 |   118 |   108 ||   420

Table legend:
 A = Non-vault XP
 B = Vault XP
 C = Vault XP percentage of total XP
 D = Non-vault monster count
 E = Vault monster count
 F = Vault count percentage of total count
                 A         B        C        D         E       F
            +---------+---------+-------+---------+---------+-------
      Total |    7059 |    2844 |  28.7 |     204 |      27 |  11.7
            +---------+---------+-------+---------+---------+-------
        D:1 |      32 |       0 |   0.0 |      21 |       0 |   0.0
        D:2 |      72 |       8 |  10.0 |      25 |       2 |   7.4
        D:3 |      84 |      84 |  50.0 |      11 |      11 |  50.0
        D:4 |     564 |     427 |  43.1 |      27 |       5 |  15.6
        D:5 |     635 |      39 |   5.8 |      24 |       1 |   4.0
        D:6 |     531 |       0 |   0.0 |      19 |       0 |   0.0
        D:7 |    1052 |    2286 |  68.5 |      26 |       8 |  23.5
        D:8 |    1155 |       0 |   0.0 |      12 |       0 |   0.0
        D:9 |    2802 |       0 |   0.0 |      38 |       0 |   0.0
       D:10 |     132 |       0 |   0.0 |       1 |       0 |   0.0
            +---------+---------+-------+---------+---------+-------
